 Dungeon Crawl Stone Soup version 0.32-a0-519-g08f29ac1c3 (webtiles) character file.

Game seed: 3469804884842741239

63 Goblin1989 the Sneak (level 3, -1/29 HPs)
             Began as a Demonspawn Delver on Feb 27, 2024.
             Slain by a phantom (4 damage)
             ... on level 5 of the Dungeon.
             The game lasted 00:03:02 (289 turns).

Goblin1989 the Sneak (Demonspawn Delver)             Turns: 289, Time: 00:03:03

Health: -1/29      AC:  5    Str: 12    XL:     3   Next: 87%
Magic:  3/3        EV: 11    Int: 10    God:
Gold:   31         SH:  0    Dex: 16    Spells: 2/2 levels left

rFire   . . .        a - +0 short sword
rCold   . . .        (no shield)
rNeg    . . .        b - +0 leather armour
rPois   .            (no helmet)
rElec   .            (no cloak)
rCorr   .            (no gloves)
SInv    .            (no boots)
Will    .....        (no amulet)
Stlth   +++          (no ring)
HPRegen 0.24/turn    (no ring)
MPRegen 0.08/turn

%: no passive effects
@: no status effects
A: molten scales 1, demonic magic 1
a: no special abilities


You were on level 5 of the Dungeon.
You visited 1 branch of the dungeon, and saw 2 of its levels.

You collected 31 gold pieces.

Inventory:

Hand Weapons
 a - a +0 short sword (weapon)
Armour
 b - a +0 leather armour (worn)
Wands
 g - a wand of digging (3) {@v3}
 h - a wand of flame (22) {@v1}
Scrolls
 c - a scroll of fog
Potions
 f - a potion of haste {@q3,}
 i - a potion of curing {unknown}


   Skills:
 - Level 3.0 Fighting
 + Level 3.0 Short Blades
 - Level 1.7 Dodging
 + Level 5.3 Stealth


You had 2 spell levels left.
You didn't know any spells.
Your spell library contained the following spells:

 Spells                   Type           Power      Damage    Failure   Level
 Cigotuvi's Dreadful Rot  Necr/Alch/Air  0%         N/A       58%         2
 Dispel Undead            Necr           0%         3d6       99%         4
 Martyr's Knell           Necr/Summ      0%         N/A       99%         4
 Death Channel            Necr           0%         N/A       100%        6


Dungeon Overview and Level Annotations

Branches:
Dungeon (5/15) Zot: 11711
 Temple: D:4-7

Altars:


Innate Abilities, Weirdness & Mutations

You are partially covered in molten scales. (AC +2)
Spells you cast may paralyse adjacent enemies.


Message History

Press: ? - help, Shift-Dir - straight line, f/p - bombardier beetle
Aim: a bombardier beetle (heavily wounded, 81% to hit)
The puff of flame hits the bombardier beetle.
The bombardier beetle is severely wounded.
Aiming: Throw Flame
Press: ? - help, Shift-Dir - straight line, f/p - bombardier beetle
Aim: a bombardier beetle (severely wounded, 81% to hit)
The puff of flame misses the bombardier beetle.
Aiming: Throw Flame
Press: ? - help, Shift-Dir - straight line, f/p - bombardier beetle
Aim: a bombardier beetle (severely wounded, 81% to hit)
The puff of flame hits the bombardier beetle!
You kill the bombardier beetle!
Your Short Blades skill increases to level 3!
You open the large door.
A centaur comes into view.
The centaur wields a +0 orcbow.
The centaur shoots an arrow.
The arrow barely misses you.
The centaur shoots an arrow.
The arrow hits you!
You hear a shout!
There is a large open door here.
You take 12 damage, and have 17/29 hp.
MASSIVE DAMAGE!!
An orc comes into view. It is wielding a +0 club.
The centaur unwields a +0 orcbow.
The centaur barely misses you.
The centaur kicks you but does no damage.
You barely miss the centaur. The centaur hits you.
The centaur completely misses you.
You take 3 damage, and have 15/29 hp.
You hit the centaur but do no damage. The centaur hits you.
* * * LOW HITPOINT WARNING * * *
The centaur completely misses you.
You take 4 damage, and have 11/29 hp.
You closely miss the centaur. The centaur misses you.
The centaur barely misses you.
A phantom comes into view.
The centaur closely misses you.
The centaur kicks you but does no damage.
Unknown command.
You hit the centaur.
The centaur is lightly wounded.
The centaur closely misses you.
The centaur kicks you but does no damage.
The orc hits you but does no damage.
You hit the centaur but do no damage.
The centaur is lightly wounded.
The centaur barely misses you.
The centaur kicks you but does no damage.
You hit the centaur but do no damage.
The centaur is lightly wounded.
The centaur hits you but does no damage.
The centaur barely misses you. The orc closely misses you.
You hit the centaur.
The centaur is lightly wounded.
The centaur misses you. The centaur barely misses you.
The orc closely misses you. The centaur misses you.
The centaur kicks you but does no damage.
You hit the centaur but do no damage.
The centaur is lightly wounded.
The centaur hits you.
* * * LOW HITPOINT WARNING * * *
The centaur kicks you.
* * * LOW HITPOINT WARNING * * *
The orc hits you but does no damage.
You take 5 damage, and have 7/29 hp.
You hit the centaur but do no damage.
The centaur is lightly wounded.
The centaur misses you.
The centaur kicks you but does no damage.
The orc barely misses you.
As you read the scroll of fear, it crumbles to dust.
You assume a fearsome visage.
The centaur looks frightened!
The orc looks frightened!
The phantom is unaffected.
The phantom hits you.
* * * LOW HITPOINT WARNING * * *
The phantom blinks!
You blink.
Found 8 stones.
The phantom attacks as it pursues you!
The phantom hits you but does no damage.
The phantom attacks as it pursues you! The phantom closely misses you.
There is a large open door here.
The phantom attacks as it pursues you!
The phantom hits you but does no damage.
You open the door.
Found 10 gold pieces.
There is an open door here.
The phantom hits you.
* * * LOW HITPOINT WARNING * * *
You take 4 damage, and have 5/29 hp.
Unknown command.
As you read the scroll of revelation, it crumbles to dust.
You feel aware of your surroundings. The phantom hits you.
* * * LOW HITPOINT WARNING * * *
You take 5 damage, and have 1/29 hp.
You open the door. The phantom misses you.
The phantom hits you but does no damage.
There is an open door here.
The phantom attacks as it pursues you! The phantom hits you.
* * * LOW HITPOINT WARNING * * *
Found a fuming coppery potion.
Found a stone staircase leading up.
The phantom attacks as it pursues you! The phantom barely misses you.
The phantom hits you.
You die...

▓▓▓▓▓▓▓▓▓▓ ▓········▓
▓·▓▓▓▓▓▓·▓ ▓·▓ ▓·▓
▓▓███▓▓▓▓▓ ▓▓ ▓·▓ ▓███·▓▓
███▓...·····▓ ·▓ ▓·▓
▓...<.█████.██.█▓▓▓▓▓·▓ ·▓
▓·▓ ▓·▓█...!@......█ ▓·▓ ·▓
▓·▓▓▓^▓█.████W....██ ▓▓·▓▓▓
·▓ ▓······..█████...█████
▓····· ·▓
▓▓▓▓▓·█████████.██████
▓··▓▓▓ ·▓
█...·.████████.██████ ▓··▓
·▓ ▓..$·..███████.██████
▓··▓▓▓ .█
▓...·.████████∆██████
▓····· .█
▓█.█·████████...█████
▓·▓▓▓· ▓▓
█.█████████.$...████▓▓·▓▓▓·


You could see a phantom.

Vanquished Creatures
  A bombardier beetle (D:5)
  A hound (D:5)
2 creatures vanquished.

Notes
Turn   | Place    | Note
-------+----------+-------------------------------------------
     0 | D:5      | Goblin1989 the Demonspawn Delver began the quest for the
                  | Orb.
     0 | D:5      | Reached XP level 1. HP: 18/18 MP: 1/1
    10 | D:4      | Noticed a hound
    42 | D:5      | Noticed a hound
    54 | D:5      | Killed a hound
    55 | D:5      | Reached skill level 5 in Stealth
    55 | D:5      | Gained mutation: You are partially covered in molten
                  | scales. (AC +2) [demonic ancestry]
    55 | D:5      | Reached XP level 2. HP: 12/24 MP: 2/2
    55 | D:5      | Gained mutation: Spells you cast may paralyse adjacent
                  | enemies. [demonic ancestry]
    55 | D:5      | Reached XP level 3. HP: 15/29 MP: 3/3
   251 | D:5      | Noticed a centaur
   256 | D:5      | Noticed a phantom
   277 | D:5      | HP: 1/29 [phantom (5)]
   289 | D:5      | Slain by a phantom

Illustrated notes

Levels and vault maps discovered:
D:4:      layout_loops_ring, chequers_serial_rivers_micro_a, uniq_pikel,
          uniq_natasha, uniq_edmund
D:5:      layout_loops_corners, kennysheep_generic_room_6, uniq_duvessa

Skill      XL: |  1  2  3 |
---------------+----------+-----
Short Blades   | 2 3 |  3.0
Stealth        | 5 |  5.3
Fighting       | |  3.0
Dodging        | |  1.7

Action                     || total
---------------------------++-------
  Melee: Short sword       ||    19
  Evoke: Wand              ||     5
    Use: Scroll            ||     2
 Armour: Leather armour    ||    26
  Dodge: Dodged            ||    28

Table legend: (Time is in decaauts)
 A = Elapsed time spent in this place.
 B = Non-inter-level travel time spent in this place.
 C = Inter-level travel time spent in this place.
 D = Time resting spent in this place.
 E = Time spent auto-exploring this place.
 F = Levels seen in this place.
 G = Mean time per level.
                   A        B        C        D        E       F      G
               +--------+--------+--------+--------+--------+-----+--------+
         Total |    287 |    287 |      0 |     57 |      0 |   2 |  143.5 |
       Dungeon |    287 |    287 |      0 |     57 |      0 |   2 |  143.5 |
               +--------+--------+--------+--------+--------+-----+--------+

Top non-repeatable levels by time:
     D:5: 285 daAuts
     D:4: 1 daAuts
